 Dungeon Crawl Stone Soup version 0.23-a0-655-g3751e1c (webtiles) character file.

16566 George the Demonic Catastrophe (level 12, -1/97 HPs)
             Began as a Demonspawn Fighter on Jan 7, 2019.
             Was an Elder of Qazlal.
             Slain by a manticore (2 damage)
             ... on level 12 of the Dungeon.
             The game lasted 00:25:39 (12302 turns).

George the Demonic Catastrophe (DsFi)              Turns: 12302, Time: 00:25:40

Health: -1/97      AC: 25    Str: 21    XL:     12   Next: 11%
Magic:  20/21      EV: 13    Int:  9    God:    Qazlal [****..]
Gold:   573        SH: 15    Dex: 19    Spells: 11/11 levels left

rFire    + + .     SeeInvis .   B - +8 flail "Dyrphoss" {freeze, rPois}
rCold    + + .     Gourm    .   c - +0 shield
rNeg     . . .     Faith    .   D - +4 ring mail {rF+}
rPois    +         Spirit   .   (helmet restricted)
rElec    .         Reflect  .   G - scarf {rC+ rF+}
rCorr    .         Harm     .   H - +1 pair of gloves
MR       +....                  o - +2 pair of boots
Stlth    +.........             n - amulet of the acrobat
HPRegen  0.26/turn              y - ring of protection from magic
MPRegen  0.17/turn              q - ring of protection from cold

@: agile, sanguine armour, slowed, drained, repel missiles, very slow
A: antennae 2, powered by pain 1, sanguine armour 2
a: Upheaval, Elemental Force, Renounce Religion


You were on level 12 of the Dungeon.
You worshipped Qazlal.
Qazlal was greatly pleased with you.
You were hungry.

You visited 2 branches of the dungeon, and saw 13 of its levels.
You also visited: Ossuary.

You collected 573 gold pieces.

Inventory:

Hand Weapons
 B - the +8 flail "Dyrphoss" (weapon) {freeze, rPois}
   (You found it on level 5 of the Dungeon)

   It has been specially enchanted to freeze those struck by it, causing extra
   injury to most foes and up to half again as much damage against particularly
   susceptible opponents.
   It can also slow down cold-blooded creatures.
   It protects you from poison.
 K - a +0 hand axe of electrocution
Armour
 c - a +0 shield (worn)
 o - a +2 pair of boots (worn)
 D - a +4 ring mail of fire resistance (worn)
 F - a +2 buckler of reflection
 G - a scarf of resistance (worn)
 H - a +1 pair of gloves (worn)
Jewellery
 n - an amulet of the acrobat (around neck)
 q - a ring of protection from cold (right hand)
 y - a ring of protection from magic (left hand)
Wands
 a - a wand of polymorph (9)
 g - a wand of acid (10)
 x - a wand of flame (32)
Scrolls
 b - 3 scrolls of immolation
 e - a scroll of fear {unknown}
 i - 4 scrolls of remove curse
 k - 5 scrolls of teleportation
 u - a scroll of enchant armour
 w - 3 scrolls of magic mapping
 A - a scroll of torment {unknown}
 I - a scroll of enchant weapon
 J - a scroll of acquirement
Potions
 d - 4 potions of might
 h - a potion of haste
 j - a potion of ambrosia
 l - a potion of magic
 m - a potion of invisibility
 p - a potion of resistance
 r - 9 potions of curing
 t - a potion of berserk rage
 v - a potion of mutation
 C - a potion of flight
Miscellaneous
 s - a phial of floods
Comestibles
 f - 25 rations


   Skills:
 + Level 10.0(9.1) Fighting
 + Level 10.5(9.6) Axes
 + Level 9.2(8.3) Armour
 - Level 2.6(1.9) Shields
 + Level 12.1(11.1) Invocations


You had 11 spell levels left.
You didn't know any spells.
Your spell library contained the following spells:

 Spells                   Type           Power        Failure   Level  Hunger
 Recall                   Summ/Tloc      N/A          100%        3    ####...
 Aura of Abjuration       Summ           #.........   100%        5    ######.
 Summon Demon             Summ           #.........   100%        5    ######.
 Summon Forest            Summ/Tloc      #.........   100%        5    ######.
 Summon Mana Viper        Hex/Summ       #.......     100%        5    ######.
 Shadow Creatures         Summ           N/A          100%        6    #######


Dungeon Overview and Level Annotations

Branches:
Dungeon (11/15)            Temple (1/1) D:4            Lair (0/6) D:10
    Orc (0/2) D:10

Altars:
Ashenzari
Cheibriados
Dithmenos
Elyvilon
Fedhas
Gozag
Hepliaklqana
Kikubaaqudgha
Makhleb
Nemelex Xobeh
Okawaru
Qazlal
Ru
Sif Muna
Trog
Uskayaw
Vehumet
Wu Jian
Xom
Yredelemnul
Zin
The Shining One

Shops:
D:6 !   D:10 (   D:12 *!


Innate Abilities, Weirdness & Mutations

You have a pair of antennae on your head.
You sometimes gain a little power by taking damage.
When seriously injured, your bleeding wounds create thick armour. (AC +9)


Message History

The manticore bites you!
* * * LOW HITPOINT WARNING * * *
You focus on the pain.
You feel agile all of a sudden. The manticore claws you!
* * * LOW HITPOINT WARNING * * *
The manticore claws you but does no damage.
You hit the manticore but do no damage.
The manticore is moderately wounded.
You block the manticore's attack. x3
The manticore bites you but does no damage.
The manticore barely misses you. You block the manticore's attack.
You sock the manticore! You freeze the manticore!
The manticore is almost dead.
You block the manticore's attack.
The manticore claws you but does no damage.
You block the manticore's attack. The manticore bites you!
* * * LOW HITPOINT WARNING * * *
The manticore barely misses you. The manticore claws you.
You die...

................##....
......................
.....................
.......#...........#
.#.##.##........#.# ##
####.......##
#.....#.## ##...####
#..○H@# ##..### ####


You could see a manticore.

Vanquished Creatures
  Josephine (D:12)
  Harold (D:8)
  Erica (D:8)
  A two-headed ogre (D:10)
  2 deep trolls
  Pikel (D:7)
  A manticore (D:10)
  3 ugly things
  Joseph (D:7)
  2 gargoyles
  9 trolls
  A hornet (D:11)
  A water elemental (D:11)
  2 wyverns (D:9)
  5 wraiths
  3 yaks (D:11)
  Grum (D:8)
  A steam dragon (D:11)
  A water moccasin (D:7)
  3 porcupines (D:10)
  Duvessa (D:4)
  4 black bears
  3 orc warriors
  A swamp drake (D:10)
  3 sky beasts
  3 slaves (D:7)
  3 ice beasts
  A necrophage (D:6)
  2 phantoms
  3 wolves (D:8)
  4 ogres
  An eye of draining (D:12)
  6 centaurs
  2 crocodiles (D:10)
  11 bullfrogs
  A gnoll sergeant (D:9)
  Dowan (D:4)
  5 scorpions
  An electric eel (D:11)
  A howler monkey (D:4)
  3 crimson imps
  A bullfrog zombie (D:11)
  A centaur zombie (Ossuary)
  A quasit (D:5)
  5 hounds
  6 jellies
  2 orc priests (D:7)
  A gnoll shaman (D:5)
  8 orc wizards
  Jessica (D:3)
  6 iguanas
  8 worker ants
  A hound skeleton (D:8)
  3 mummies (Ossuary)
  A worker ant zombie (D:10)
  11 gnolls
  6 adders
  A shadow imp (D:6)
  5 oozes (D:8)
  An adder zombie (D:2)
  2 adder skeletons (D:2)
  3 worms
  8 leopard geckos
  37 orcs
  3 ball pythons
  2 bat skeletons (D:2)
  3 giant cockroaches
  4 goblins
  10 hobgoblins
  22 jackals
  6 kobolds
  11 quokkas
  9 bats
  7 frilled lizards
  2 goblin zombies
  A jackal skeleton (D:5)
  2 kobold zombies (Ossuary)
  A leopard gecko zombie (D:9)
  4 orc zombies (Ossuary)
  2 quokka zombies (D:5)
  9 rats
318 creatures vanquished.

Vanquished Creatures (others)
  2 fungi (D:10)
  A plant (D:10)
3 creatures vanquished.

Grand Total: 321 creatures vanquished

Notes
Turn   | Place    | Note
-------+----------+-------------------------------------------
     0 | D:1      | George the Demonspawn Fighter began the quest for the Orb.
     0 | D:1      | Reached XP level 1. HP: 18/18 MP: 1/1
   359 | D:1      | Gained mutation: When seriously injured, your bleeding
                  | wounds create armour. (AC +9) [demonic ancestry]
   359 | D:1      | Reached XP level 2. HP: 24/24 MP: 2/2
  1096 | D:2      | Reached XP level 3. HP: 25/29 MP: 3/3
  1205 | D:2      | Found a glowing silver altar of Zin.
  1438 | D:2      | Found a blossoming altar of Fedhas.
  1546 | D:3      | Reached XP level 4. HP: 34/35 MP: 4/4
  2083 | D:3      | Noticed Jessica
  2086 | D:3      | Found an ornate altar of the Wu Jian Council.
  2098 | D:3      | Killed Jessica
  2466 | D:3      | Reached XP level 5. HP: 41/41 MP: 5/5
  2624 | D:4      | Reached skill level 5 in Axes
  3075 | D:4      | Found a staircase to the Ecumenical Temple.
  3090 | D:4      | Gained mutation: You sometimes gain a little power by
                  | taking damage. [demonic ancestry]
  3090 | D:4      | Reached XP level 6. HP: 28/47 MP: 6/6
  3110 | Temple   | Entered the Ecumenical Temple
  3311 | Temple   | Became a worshipper of Qazlal Stormbringer
  3400 | D:4      | Found a hazy altar of Hepliaklqana.
  3403 | D:4      | Found a radiant altar of Vehumet.
  3406 | D:4      | Found a basalt altar of Yredelemnul.
  3468 | D:4      | Noticed Duvessa
  3494 | D:4      | Noticed Dowan
  3512 | D:4      | Reached skill level 1 in Invocations
  3528 | D:4      | Killed Duvessa
  3528 | D:4      | Reached skill level 2 in Invocations
  3537 | D:4      | Killed Dowan
  3537 | D:4      | Reached XP level 7. HP: 30/52 MP: 8/8
  3582 | D:4      | Found an iron altar of Okawaru.
  3760 | D:5      | Entered Level 5 of the Dungeon
  3766 | D:5      | Reached * piety under Qazlal
  3766 | D:5      | Reached skill level 3 in Invocations
  4159 | D:5      | Reached skill level 4 in Invocations
  4203 | D:5      | Gained mutation: You have a pair of small antennae on your
                  | head. [demonic ancestry]
  4203 | D:5      | Reached XP level 8. HP: 49/61 MP: 11/11
  4544 | D:5      | Got an iridescent flail
  4545 | D:5      | Identified the +8 flail "Dyrphoss" {freeze, rPois} (You
                  | found it on level 5 of the Dungeon)
  4670 | D:6      | Found a sparkling altar of Nemelex Xobeh.
  4714 | D:6      | Reached skill level 5 in Fighting
  4714 | D:6      | Reached skill level 5 in Invocations
  4876 | D:6      | Found Bistrut's Distillery.
  5754 | D:7      | Found a sand-covered staircase.
  5763 | D:7      | Reached ** piety under Qazlal
  5770 | D:7      | Reached skill level 5 in Armour
  5784 | Ossuary  | Entered an ossuary
  6067 | D:7      | Found a radiant altar of Vehumet.
  6075 | D:7      | Reached skill level 6 in Invocations
  6305 | D:7      | Reached XP level 9. HP: 67/69 MP: 13/13
  6331 | D:7      | Noticed Joseph
  6351 | D:7      | Killed Joseph
  6354 | D:7      | Reached skill level 7 in Invocations
  7000 | D:8      | Noticed Pikel
  7000 | D:8      | Noticed Harold
  7086 | D:7      | Killed Pikel
  7111 | D:8      | Reached skill level 8 in Invocations
  7118 | D:7      | Reached *** piety under Qazlal
  7592 | D:8      | Killed Harold
  7592 | D:8      | Reached XP level 10. HP: 31/79 MP: 16/16
  7706 | D:8      | Noticed Erica
  7720 | D:8      | Killed Erica
  7720 | D:8      | Reached skill level 9 in Invocations
  7879 | D:8      | Noticed Grum
  8169 | D:8      | Killed Grum
  8233 | D:8      | Found a hide-covered altar of Uskayaw.
  8941 | D:9      | Reached **** piety under Qazlal
  9102 | D:9      | Identified a scroll of acquirement
  9130 | D:10     | Entered Level 10 of the Dungeon
  9152 | D:10     | Noticed a gargoyle
  9172 | D:10     | Killed a gargoyle
  9172 | D:10     | Reached skill level 10 in Invocations
  9217 | D:10     | Gained mutation: When seriously injured, your bleeding
                  | wounds create thick armour. (AC +9) [demonic ancestry]
  9217 | D:10     | Reached XP level 11. HP: 78/87 MP: 18/18
  9226 | D:10     | Noticed a two-headed ogre
  9251 | D:10     | Killed a two-headed ogre
  9550 | D:10     | Found a staircase to the Lair.
  9773 | D:10     | Found Enout's Antique Weapon Emporium.
 10105 | D:10     | Found a staircase to the Orcish Mines.
 10301 | D:10     | Reached ***** piety under Qazlal
 10384 | D:11     | Noticed a purple ugly thing
 10406 | D:10     | Killed a purple ugly thing
 10637 | D:11     | Noticed a red ugly thing
 10648 | D:11     | Killed a red ugly thing
 10648 | D:11     | Reached skill level 11 in Invocations
 10726 | D:11     | Noticed a deep troll
 10741 | D:11     | Killed a deep troll
 10741 | D:11     | Reached skill level 10 in Axes
 11396 | D:11     | Noticed a deep troll
 11839 | D:10     | Killed a deep troll
 12201 | D:11     | You fall through a shaft!
 12201 | D:12     | Found Hafaa's Assorted Antiques.
 12201 | D:12     | Found Lamux's Distillery.
 12209 | D:12     | Noticed a purple ugly thing
 12224 | D:12     | Noticed Josephine
 12227 | D:12     | Killed a purple ugly thing
 12240 | D:12     | Killed Josephine
 12240 | D:12     | Reached skill level 10 in Fighting
 12240 | D:12     | Reached skill level 12 in Invocations
 12240 | D:12     | Gained mutation: You have a pair of antennae on your head.
                  | [demonic ancestry]
 12240 | D:12     | Reached XP level 12. HP: 25/97 MP: 9/21
 12302 | D:12     | HP: 1/97 [manticore (9)]
 12302 | D:12     | Slain by a manticore

Vault maps used:
D:1:      sevenhm_arrival_forest_fort_large_1, kennysheep_boxes
D:2:      zin_treasury, first_ration, serial_undead, serial_undead_d,
          serial_undead_a, serial_undead_b, serial_undead_c,
          fedhas_ov_isle_minmay
D:3:      overflow_temple_1_default, nrook_campfire, kennysheep_generic_room_8,
          uniq_jessica
D:4:      okawaru_gym_becter, grunt_temple_overflow_diamond,
          minmay_temple_entry_large_hall, serial_park_tiny_pond, uniq_duvessa
D:5:      minmay_angry_zag
D:6:      nemelex_xobeh_ov_fountains_minmay, serial_shops, kennysheep_mini
D:7:      enter_ossuary_3, vehumet_altar_wand_db, uniq_joseph
D:8:      lemuel_doored_altar, hangedman_little_slice_of_home, uniq_erica,
          uniq_pikel, uniq_grum, uniq_harold
D:9:      serial_column_ruins, column_ruins_hut_ruined,
          column_ruins_circle_large, column_ruins_open_small,
          column_ruins_columns_straight, column_ruins_open_tiny,
          column_ruins_columns_T
D:10:     due_lair_maze_entry_diamond, erik_orc_1, serial_shops,
          kennysheep_mini_moat
D:11:     lemuel_troll_bridge
D:12:     ebering_ghost_reflecting_pool, serial_shops, nicolae_shop_stone, shop,
          roderic_roman_lattice, lightli_church_of_beogh, uniq_snorg,
          uniq_josephine
Temple:   dpeg_chambers_temple
Ossuary:  ossuary_crypta

Skill      XL: |  1  2  3  4  5  6  7  8  9 10 11 |
---------------+----------------------------------+-----
Axes           | 2 3 4 5 6 7 8 9 10 | 10.5
Invocations    | 2 4 6 8 10 12 | 12.1
Armour         | 3 4 5 6 7 9 |  9.2
Fighting       | 4 5 7 8 10 | 10.0
Shields        | |  2.6

Action                   |  1- 3 |  4- 6 |  7- 9 | 10-12 || total
-------------------------+-------+-------+-------+-------++-------
Melee: War axe           |   149 |   256 |   149 |       ||   554
       Flail             |       |       |   203 |   416 ||   619
Invok: Elemental Force   |       |       |       |     1 ||     1
Evoke: Wand              |       |       |       |     1 ||     1
  Use: Potion            |       |     1 |     2 |     3 ||     6
       Scroll            |       |       |    16 |     8 ||    24
 Stab: Confused          |       |       |       |     1 ||     1
  Eat: Chunk             |     2 |     6 |    15 |    15 ||    38
Armor: Scale mail        |    10 |       |     2 |       ||    12
       Chain mail        |   112 |   152 |   155 |       ||   419
       Ring mail         |       |       |    74 |   190 ||   264
Dodge: Dodged            |    36 |    64 |   118 |   150 ||   368
       Deflected         |       |       |       |     1 ||     1
Block: Shield            |    82 |   129 |   256 |   386 ||   853

Table legend:
 A = Non-vault XP
 B = Vault XP
 C = Vault XP percentage of total XP
 D = Non-vault monster count
 E = Vault monster count
 F = Vault count percentage of total count
                 A         B        C        D         E       F
            +---------+---------+-------+---------+---------+-------
      Total |   11517 |   12150 |  51.3 |     228 |      87 |  27.6
            +---------+---------+-------+---------+---------+-------
        D:1 |      21 |       3 |  12.5 |      12 |       3 |  20.0
        D:2 |      49 |      20 |  29.0 |      20 |       5 |  20.0
        D:3 |      64 |      42 |  39.6 |      28 |       3 |   9.7
        D:4 |     534 |     219 |  29.1 |      35 |       2 |   5.4
        D:5 |     627 |      33 |   5.0 |      19 |       1 |   5.0
        D:6 |     550 |       0 |   0.0 |      13 |       0 |   0.0
        D:7 |    2046 |    1071 |  34.4 |      38 |       4 |   9.5
        D:8 |     255 |    2612 |  91.1 |       6 |      14 |  70.0
        D:9 |     967 |       0 |   0.0 |      22 |       0 |   0.0
       D:10 |    3291 |    2975 |  47.5 |      20 |      29 |  59.2
       D:11 |    2129 |    3189 |  60.0 |      11 |      10 |  47.6
       D:12 |     984 |    1877 |  65.6 |       4 |       5 |  55.6
    Ossuary |       0 |     109 | 100.0 |       0 |      11 | 100.0
            +---------+---------+-------+---------+---------+-------
